 Dungeon Crawl Stone Soup version 0.27-a0-1525-g1038ab4fd7 (webtiles) character file.

Game seed: 15269232307597330155

131 trckry the Firebug (level 4, -4/24 HPs)
             Began as a Deep Elf Fire Elementalist on July 11, 2021.
             Slain by an orc priest (6 damage)
             ... on level 2 of the Dungeon.
             The game lasted 00:03:05 (2333 turns).

trckry the Firebug (Deep Elf Fire Elementalist)     Turns: 2333, Time: 00:03:06

Health: -4/24      AC:  2    Str:  6    XL:     4   Next: 91%
Magic:  6/12       EV: 12    Int: 20    God:
Gold:   32         SH:  0    Dex: 15    Spells: 10/11 levels left

rFire    . . .     SeeInvis .   (no weapon)
rCold    . . .     Faith    .   (no shield)
rNeg     . . .     Spirit   .   a - +0 robe
rPois    .         Reflect  .   (no helmet)
rElec    .         Harm     .   (no cloak)
rCorr    .         Rampage  .   (no gloves)
Will     .....                  (no boots)
Stlth    ++........             (no amulet)
HPRegen  0.08/turn              (no ring)
MPRegen  0.13/turn              (no ring)

@: no status effects
A: no striking features
a: no special abilities


You were on level 2 of the Dungeon.
You visited 1 branch of the dungeon, and saw 2 of its levels.

You collected 32 gold pieces.

Inventory:

Armour
 a - a +0 robe (worn)
Scrolls
 b - a scroll of identify {unknown}
 d - a scroll of silence {unknown}
Potions
 c - a potion of magic {unknown}
 e - a potion of curing {unknown}
 f - a potion of brilliance {unknown}


   Skills:
 - Level 2.4 Dodging
 - Level 2.4 Stealth
 + Level 4.0 Spellcasting
 * Level 3.3 Conjurations
 * Level 4.7 Fire Magic


You had 10 spell levels left.
You knew the following spells:

 Your Spells              Type           Power      Damage    Failure   Level
a - Foxfire               Conj/Fire      80%        2x1d8     2%          1

Your spell library contained the following spells:

 Spells                   Type           Power      Damage    Failure   Level
 Conjure Flame            Conj/Fire      20%        6-21      8%          3
 Inner Flame              Hex/Fire       13%        N/A       14%         3
 Sticky Flame             Conj/Fire      20%        2d4       24%         4
 Gell's Gravitas          Tloc           2%         N/A       36%         3
 Teleport Other           Tloc           4%         N/A       36%         3
 Fireball                 Conj/Fire      10%        3d6       56%         5
 Dispersal                Tloc           2%         N/A       100%        6


Dungeon Overview and Level Annotations

Branches:
Dungeon (2/15)

Altars:


Message History

The orc priest is heavily wounded.
The orc priest misses you.
You now have 9/12 mp.
Casting: Foxfire (safe; 2% risk of failure)
Confirm with . or Enter, or press ? or * to list all spells.
You conjure some foxfire!
The foxfire hits the orc priest.
The orc priest is heavily wounded.
The orc priest miscasts a cantrip.
You now have 8/12 mp.
Casting: Foxfire (safe; 2% risk of failure)
Confirm with . or Enter, or press ? or * to list all spells.
You conjure some foxfire!
The foxfire hits the orc priest.
The orc priest is severely wounded.
The orc priest hits you with a +0 great sword!
Ouch! That really hurt!
You take 15 damage, and have 9/24 hp.
MASSIVE DAMAGE!!
You now have 7/12 mp.
Casting: Foxfire (safe; 2% risk of failure)
Confirm with . or Enter, or press ? or * to list all spells.
You conjure some foxfire!
The foxfire hits the orc priest.
The orc priest is almost dead.
The orc priest hits you with a +0 great sword.
* * * LOW HITPOINT WARNING * * *
You take 5 damage, and have 4/24 hp.
MASSIVE DAMAGE!!
You now have 6/12 mp.
Your foxfire dissipates!
The foxfire hits the orc priest.
The orc priest is almost dead.
Casting: Foxfire (safe; 2% risk of failure)
Confirm with . or Enter, or press ? or * to list all spells.
You conjure some foxfire!
The orc priest hits you with a +0 great sword.
* * * LOW HITPOINT WARNING * * *
You take 2 damage, and have 2/24 hp.
Your foxfire dissipates!
The foxfire hits the orc priest but does no damage.
The orc priest is almost dead.
Casting: Foxfire (safe; 2% risk of failure)
Confirm with . or Enter, or press ? or * to list all spells.
You conjure some foxfire!
The orc priest hits you with a +0 great sword.
You die...

#.'.⌠.≈.!.'. ## #.#v.≈.≈?.#
#. ###.#...⌠...# #.
#...#.......# ####.
#.#############.... ########
#.####.####........ #......#
#.#......##.###.##.
#.####.####o#.##.#.##.# #.###
#.#........v@.##.#.##.###....
#.#.##.####..v.........######
#....#.# ############.# #
#.>....########## #.#
##.....###.......# ##.#####
#......# #.......# #......##
#.#....#
#.......#####..###... #
#..#.# #..(........#..#.....
#.##.# #.......###....#.#...


You could see an orc priest (ally target).

Vanquished Creatures
  2 orc priests (D:2)
  A gnoll (D:1)
  4 adders (D:2)
  A dart slug (D:2)
  2 orcs (D:2)
  A bat (D:2)
  An endoplasm (D:1)
  A hobgoblin (D:1)
  6 jackals
  A quokka (D:2)
  2 frilled lizards (D:1)
  3 goblins (D:2)
  2 kobolds (D:1)
  A rat (D:2)
28 creatures vanquished.

Vanquished Creatures (others)
  129 foxfires
129 creatures vanquished.

Grand Total: 157 creatures vanquished

Notes
Turn   | Place    | Note
-------+----------+-------------------------------------------
     0 | D:1      | trckry the Deep Elf Fire Elementalist began the quest for
                  | the Orb.
     0 | D:1      | Reached XP level 1. HP: 10/10 MP: 6/6
     4 | D:1      | Noticed an anaconda
   194 | D:1      | Noticed a death yak
   364 | D:1      | Reached XP level 2. HP: 5/15 MP: 2/8
  1359 | D:2      | Reached XP level 3. HP: 17/19 MP: 5/9
  2036 | D:2      | Reached XP level 4. HP: 24/24 MP: 6/11
  2325 | D:2      | HP: 2/24 [orc priest (2)]
  2333 | D:2      | Slain by an orc priest

Illustrated notes

Levels and vault maps discovered:
D:1:      sevenhm_arrival_forest_fort_small_2, layout_basic, serial_aquarium,
          aquarium_bridge_island_small [aquarium_subvault_small_open,
          aquarium_subvault_wall, aquarium_subvault_bridge,
          aquarium_subvault_wall, aquarium_subvault_balcony],
          aquarium_window_fake, aquarium_window_fake, aquarium_view_2b,
          aquarium_balcony_5b, aquarium_pool_1
D:2:      layout_loops_cross, chequers_serial_rivers_micro_d, kennysheep_path_1,
          kennysheep_generic_room_10

Skill      XL: |  1  2  3  4 |
---------------+-------------+-----
Conjurations   | 2 3 |  3.3
Fire Magic     | 4 |  4.7
Spellcasting   | 4 |  4.0
Dodging        | |  2.4
Stealth        | |  2.4

Action                   |  1- 3 |  4- 6 || total
-------------------------+-------+-------++-------
 Cast: Foxfire           |    54 |    26 ||    80
Armor: Robe              |     1 |       ||     1
Dodge: Dodged            |    13 |     9 ||    22

Table legend: (Time is in decaauts)
 A = Elapsed time spent in this place.
 B = Non-inter-level travel time spent in this place.
 C = Inter-level travel time spent in this place.
 D = Time resting spent in this place.
 E = Time spent auto-exploring this place.
 F = Levels seen in this place.
 G = Mean time per level.
                   A        B        C        D        E       F      G
               +--------+--------+--------+--------+--------+-----+--------+
         Total |   2335 |   2288 |     47 |     76 |   1968 |   2 | 1167.5 |
       Dungeon |   2335 |   2288 |     47 |     76 |   1968 |   2 | 1167.5 |
               +--------+--------+--------+--------+--------+-----+--------+

Top non-repeatable levels by time:
     D:1: 1430 daAuts
     D:2: 905 daAuts
